 Dungeon Crawl Stone Soup version 0.24-a0-462-ge24419a6ad (console) character file.

Game seed: 12304844119186405234

205 Lexodia the Shield-Bearer (level 5, -1/41 HPs)
             Began as a Demonspawn Fighter on July 1, 2019.
             Was an Initiate of Fedhas.
             Slain by an ogre
             ... wielding a +0 giant club
              (9 damage)
             ... on level 4 of the Dungeon.
             The game lasted 00:04:24 (1436 turns).

Lexodia the Shield-Bearer (Demonspawn Fighter)      Turns: 1436, Time: 00:04:25

Health: -1/41      AC:  6    Str: 18    XL:     5   Next: 52%
Magic:  0/5        EV:  7    Int:  9    God:    Fedhas [......]
Gold:   125        SH:  9    Dex: 12    Spells: 4/4 levels left

rFire    . . .     SeeInvis .   a - +0 flail
rCold    . . .     Gourm    .   c - +0 shield
rNeg     . . .     Faith    .   b - +0 scale mail
rPois    .         Spirit   +   (no helmet)
rElec    .         Reflect  .   (no cloak)
rCorr    .         Harm     .   (no gloves)
MR       .....                  (no boots)
Stlth    ..........             l - amulet of guardian spirit
HPRegen  0.13/turn              (no ring)
MPRegen  0.09/turn              (no ring)

@: no status effects
A: hooves 1, powered by pain 1
a: Fungal Bloom, Renounce Religion


You were on level 4 of the Dungeon.
You worshipped Fedhas.
Fedhas was noncommittal.
You were not hungry.

You visited 2 branches of the dungeon, and saw 5 of its levels.

You collected 125 gold pieces.

Inventory:

Hand Weapons
 a - a +0 flail (weapon)
Armour
 b - a +0 scale mail (worn)
 c - a +0 shield (worn)
Jewellery
 l - an amulet of guardian spirit (around neck)
Scrolls
 e - 2 scrolls of identify {unknown}
 g - a scroll of blinking {unknown}
 h - 2 scrolls of remove curse {unknown}
 i - 2 scrolls of random uselessness
 j - a scroll of magic mapping
Comestibles
 f - 7 rations


   Skills:
 - Level 3.0 Fighting
 * Level 3.8 Maces & Flails
 - Level 3.0 Armour
 * Level 4.3 Shields


You had 4 spell levels left.
You didn't know any spells.
Your spell library was empty.

Dungeon Overview and Level Annotations

Branches:
Dungeon (4/15)             Temple (1/1) D:4

Altars:
Ashenzari
Cheibriados
Dithmenos
Elyvilon
Fedhas
Gozag
Hepliaklqana
Kikubaaqudgha
Makhleb
Nemelex Xobeh
Okawaru
Qazlal
Ru
Trog
Uskayaw
Vehumet
Wu Jian
Xom
Yredelemnul
Zin
The Shining One


Innate Abilities, Weirdness & Mutations

You have large cloven feet.
You sometimes gain a little power by taking damage.


Message History

Huge Dmg: -42%(-17hp) hp: 54%(22hp)
You thump the ogre!
The ogre is heavily wounded.
The ogre closely misses you.
You barely miss the ogre.
The ogre is heavily wounded.
The ogre closely misses you.
You barely miss the ogre. You kick the ogre.
The ogre is heavily wounded.
You block the ogre's attack.
Your shield and scale mail prevent you from hitting the ogre.
The ogre is heavily wounded.
The ogre hits you with a +0 giant club!!
* * * LOW HITPOINT WARNING * * *
Huge Dmg: -37%(-15hp) hp: 20%(8hp)
You hit the ogre but do no damage.
The ogre is heavily wounded.
The ogre hits you with a +0 giant club!
You die...
Fedhas appreciates your contribution to the ecosystem.

**###......(......#
#......##.......#####
#........##.........#
#........##....####.#
#........##....# #.#
#........##....# #.###
#........####### #...#
####+#O### #...#
#....@## #...# #......#
#...# #......# #...#
##...##############...#
#....#≈#≈#≈#........###
#.......>....######## *
#....#§#≈#≈### *
#....#######* *
########.[.....# *,* *


You could see an ogre.

Vanquished Creatures
  A hound (D:4)
  An iguana (D:4)
  2 orc wizards (D:4)
  A worker ant (D:4)
  A howler monkey zombie (D:2)
  2 adders
  2 dart slugs
  2 leopard geckos
  An orc (D:4)
  A ball python (D:1)
  2 bats (D:1)
  3 giant cockroaches (D:1)
  4 goblins (D:1)
  6 hobgoblins (D:1)
  A frilled lizard (D:4)
  2 kobolds (D:1)
  A quokka skeleton (D:4)
  6 rats (D:1)
39 creatures vanquished.

Notes
Turn   | Place    | Note
-------+----------+-------------------------------------------
     0 | D:1      | Lexodia the Demonspawn Fighter began the quest for the Orb.
     0 | D:1      | Reached XP level 1. HP: 18/18 MP: 1/1
    51 | D:1      | Huge Dmg: 4 dmg
    53 | D:1      | Huge Dmg: 4 dmg
    77 | D:1      | Huge Dmg: 2 dmg
    83 | D:1      | Gained mutation: You have large cloven feet. [demonic
                  | ancestry]
    83 | D:1      | Reached XP level 2. HP: 9/24 MP: 2/2
    93 | D:1      | Reached skill level 3 in Shields
   520 | D:1      | Reached XP level 3. HP: 29/29 MP: 3/3
   951 | D:4      | Found a staircase to the Ecumenical Temple.
   957 | Temple   | Entered the Ecumenical Temple
  1079 | Temple   | Became a worshipper of Fedhas Madash
  1148 | D:4      | Found a burning altar of Makhleb.
  1152 | D:4      | Found a sparkling altar of Nemelex Xobeh.
  1153 | D:4      | Found a snail-covered altar of Cheibriados.
  1174 | D:4      | Huge Dmg: 4 dmg
  1176 | D:4      | Reached XP level 4. HP: 10/35 MP: 2/4
  1181 | D:4      | Reached skill level 4 in Shields
  1181 | D:4      | Gained mutation: You sometimes gain a little power by
                  | taking damage. [demonic ancestry]
  1181 | D:4      | Reached XP level 5. HP: 11/41 MP: 2/5
  1196 | D:4      | Found an ornate altar of the Wu Jian Council.
  1197 | D:4      | Found a hide-covered altar of Uskayaw.
  1420 | D:4      | Noticed an ogre
  1424 | D:4      | Huge Dmg: 19 dmg
  1432 | D:4      | Huge Dmg: 17 dmg
  1436 | D:4      | Huge Dmg: 15 dmg
  1436 | D:4      | Slain by an ogre

Levels and vault maps discovered:
D:1:      wander_arrival_chamber, layout_basic, hangedman_feature_mirror,
          chequers_avenue
D:2:      layout_basic, first_ration, bh_chokoban, uniq_natasha,
          uniq_crazy_yiuf_cottage
D:3:      layout_basic
D:4:      layout_basic, grunt_temple_overflow_open,
          minmay_temple_entry_metal_lava, portal_sewer_entry_a
Temple:   compressed_dpeg_circular_temple

Skill      XL: |  1  2  3  4 |
---------------+-------------+-----
Maces & Flails | 2 3 |  3.8
Shields        | 3 4 |  4.3
Armour         | 3 |  3.0
Fighting       | |  3.0

Action                   |  1- 3 |  4- 6 || total
-------------------------+-------+-------++-------
Melee: Flail             |    82 |    28 ||   110
       Kick              |    13 |     5 ||    18
  Use: Potion            |     1 |     1 ||     2
       Scroll            |       |     3 ||     3
  Eat: Chunk             |     1 |     1 ||     2
Armor: Scale mail        |    40 |     6 ||    46
Dodge: Dodged            |    30 |     8 ||    38
Block: Shield            |    45 |    11 ||    56

Table legend:
 A = Non-vault XP
 B = Vault XP
 C = Vault XP percentage of total XP
 D = Non-vault monster count
 E = Vault monster count
 F = Vault count percentage of total count
                 A         B        C        D         E       F
            +---------+---------+-------+---------+---------+-------
      Total |     293 |       0 |   0.0 |      39 |       0 |   0.0
            +---------+---------+-------+---------+---------+-------
        D:1 |      48 |       0 |   0.0 |      26 |       0 |   0.0
        D:2 |      19 |       0 |   0.0 |       2 |       0 |   0.0
        D:3 |      13 |       0 |   0.0 |       1 |       0 |   0.0
        D:4 |     213 |       0 |   0.0 |      10 |       0 |   0.0
            +---------+---------+-------+---------+---------+-------
